 BcadrenCrawl: Boulder Brew version 0.04.2-3-g40356c7de1 (webtiles) character file.

Game seed: 10545904555428982245, levelgen mode: deterministic

180 gruber the Chopper (level 5, -3/40 HPs) Hill Orc Demonspawn. Began on Apr 27, 2021. Slain by a water moccasin (6 damage) ... on level 2 of the Dungeon. The game lasted 00:03:08 (957 turns).

gruber the Chopper (Hill Orc Demonspawn)             Turns: 957, Time: 00:03:08

Health: -3/40      AC:  3    Str: 18    XL:     5 ^: 61
Magic:  7/7        EV: 12    Int: 17    God:
Gold:   16         SH:  0    Dex: 10    Spells: 3/6 levels left

rFire    . . .     Vision   .   a - +0 war axe
rCold    . . .     Gourm    .   (no weapon)
rNeg     . . .     Faith    .   b - +0 leather armour
rPois    .         Spirit   .   (helmet unavailable)
rElec    .         Reflect  .   (no cloak)
rCorr    .         Harm     .   (no gloves)
MR       .....                  (no boots)
Stlth    +.........             (no amulet)
HPRegen  0.23/turn              h - ring of intelligence
MPRegen  0.17/turn              (no ring)

@: lethally poisoned (-3 -> -26)
A: horns 3
a: no special abilities


You were on level 2 of the Dungeon.
You were not hungry.

You visited 1 branch of the dungeon, and saw 2 of its levels.

You collected 16 gold pieces.

Inventory:

Weapons
 a - a +0 war axe (weapon) Shields
 j - a +0 heater shield
Armour
 b - a +0 leather armour (worn)
Jewellery
 h - a ring of intelligence (left hand)
Scrolls
 c - a scroll of teleportation
 f - a scroll of enchantment
 g - 2 scrolls of amnesia
 i - a scroll of magic mapping
Potions
 e - 2 potions of ambrosia
Comestibles
 d - a ration


   Skills:
 - Level 1.2 Fighting
 + Level 6.9 Axes & Hammers
 - Level 2.4 Dodging
 - Level 1.5 Stealth
 - Level 1.0 Spellcasting
 - Level 2.1 Fire Magic
   Level 3.6 Invocations


You had 3 spell levels left.
You knew the following spells:

 Your Spells              Type           Power        Failure   Level  Hunger
a - Flame Tongue          Fire           8 (30)       10%         1    ##.....
b - Blink                 Tloc           N/A          34%         2    ###....

Your spell library contained the following spells:

 Spells                   Type           Power        Failure   Level  Hunger
 Conjure Flame            Fire           8 (100)      28%         3    ####...
 Call Imp                 Summ           0 (100)      34%         2    ###....
 Slow                     Hex            0 (100)      34%         2    ###....
 Mephitic Cloud           Pois/Air       0 (100)      56%         3    ####...


Dungeon Overview and Level Annotations

Branches:
Dungeon (2/8)

Altars:
The Shining One


Innate Abilities, Weirdness & Mutations

You have a pair of large horns on your head.


Message History

The water moccasin poisons you (12)!
You are too injured to fight recklessly!
Unknown command.
You are too injured to fight recklessly!
Unknown command.
You are too injured to fight recklessly!
You barely miss the water moccasin. x2
* * * LOW HITPOINT WARNING * * *
You feel sick. (2)
The water moccasin barely misses you (0).
The water moccasin bites you (6).
* * * LOW HITPOINT WARNING * * *
You are more poisoned.
The water moccasin poisons you (17)!
Unknown command.
You closely miss the water moccasin. You barely miss the water moccasin.
* * * LOW HITPOINT WARNING * * *
You feel very sick. (3)
The water moccasin bites you (6).
You die...

≈≈≈≈≈≈≈≈≈≈≈≈≈P
≈≈≈≈≈≈≈≈≈≈≈≈≈PPb≈≈PP≈
≈≈≈≈≈≈≈≈≈≈≈≈≈≈P≈≈≈P≈ ≈
.≈≈≈≈≈≈≈≈≈≈P≈≈≈≈≈≈≈PP≈PP
..≈≈≈≈≈≈≈≈PP≈≈≈≈≈≈PPP≈≈≈
≈.≈P≈≈≈.≈≈P.≈≈≈≈≈≈≈P≈≈P
.≈....<.........≈≈PP≈≈P
#####≈†#.#≈...#.S≈≈P≈≈P
######≈...#....#@≈PP #
#... #...≈#≈..##.≈PP ≈≈P#
≈...≈#....≈...##.PPP≈≈≈P#
≈....##.......≈#.P≈PP≈≈P#
≈....≈#........#.P≈≈≈≈PP#
≈....≈#....##....PP.≈P≈.#
.....≈.....≈#≈..P....P.>#
≈...........#≈.#.≈≈≈P≈PP#
≈.........≈##≈≈..≈≈≈≈≈≈P#


You could see a water moccasin.

Vanquished Creatures
  A jelly (D:2)
  2 giant cockroaches
  8 sewer rats (D:2)
  A cinder newt (D:1)
  A dart slug (D:1)
  5 leopard geckos (D:1)
  8 goblins (D:1)
  3 hobgoblins (D:1)
  3 kobolds (D:1)
  6 bats (D:1)
  A bat skeleton (D:2)
  4 rats (D:1)
  2 withered plants (D:2)
45 creatures vanquished.

Vanquished Creatures (others)
  7 plants (D:2)
  17 withered plants (D:2)
24 creatures vanquished.

Grand Total: 69 creatures vanquished

Notes
Turn   | Place    | Note
-------+----------+-------------------------------------------
     0 | D:1      | gruber the Hill Orc Demonspawn began the quest for the Orb.
     0 | D:1      | Reached XP level 1. HP: 16/16 MP: 3/3
    39 | D:1      | Reached skill level 3 in Axes & Hammers
    41 | D:1      | Gained mutation: You have a pair of small horns on your
                  | head. [demonic ancestry]
    41 | D:1      | Reached XP level 2. HP: 19/23 MP: 4/4
    51 | D:1      | Reached skill level 4 in Axes & Hammers
    60 | D:1      | Gained mutation: You have a pair of horns on your head.
                  | [demonic ancestry]
    60 | D:1      | Reached XP level 3. HP: 27/28 MP: 5/5
   187 | D:1      | Found a glowing golden altar of the Shining One.
   261 | D:1      | Reached skill level 5 in Axes & Hammers
   436 | D:1      | Gained mutation: You have a pair of large horns on your
                  | head. [demonic ancestry]
   436 | D:1      | Reached XP level 4. HP: 35/35 MP: 6/6
   456 | D:1      | Learned a level 2 spell: Blink
   680 | D:2      | Reached skill level 6 in Axes & Hammers
   680 | D:2      | Reached XP level 5. HP: 12/40 MP: 7/7
   769 | D:2      | Noticed a water moccasin
   957 | D:2      | Slain by a water moccasin

Levels and vault maps discovered:
D:1:      psy_arrival_dodecagon, layout_loops_cross, tso_metal_star,
          portal_sewer_entry_a
D:2:      layout_sewer, purgy_house, first_ration, serial_bayou_lagoon_a,
          uniq_menkaure

Skill      XL: |  1  2  3  4 |
---------------+-------------+-----
Axes & Hammers | 3 4 5 6 |  6.9
Fighting       | |  1.2
Dodging        | |  2.4
Stealth        | |  1.5
Spellcasting   | |  1.0
Fire Magic     | |  2.1
Invocations    | |  3.6

Action                   |  1- 3 |  4- 6 || total
-------------------------+-------+-------++-------
Melee: War axe           |    40 |    26 ||    66
       Unarmed           |    18 |    16 ||    34
       Headbutt          |     2 |     4 ||     6
 Stab: Sleeping          |       |     1 ||     1
Armor: Leather armour    |     2 |    10 ||    12
Dodge: Dodged            |    30 |    25 ||    55
